 Dungeon Crawl Stone Soup version 0.30.1-3-gfc49f6343a (webtiles) character file.

Game seed: 7098948734599121039

119583 Gabide the Nimble (level 15, 0/139 HPs)
             Began as a Demigod Hunter on July 18, 2023.
             Drowned by a water elemental (5 damage)
             ... led by a merfolk aquamancer
             ... on level 3 of the Shoals.
             The game lasted 00:41:21 (23669 turns).

Gabide the Nimble (Demigod Hunter)                 Turns: 23669, Time: 00:41:21

Health: 0/139      AC: 20    Str:  8    XL:     15   Next: 80%
Magic:  18/18      EV: 37    Int: 16    God:
Gold:   545        SH:  5    Dex: 48    Spells: 14/14 levels left

rFire   . . .        a - +12 pair of quick blades "Gyre" and "Gimble" {protect}
rCold   . . .        (shield currently unavailable)
rNeg    + + .        k - +1 leather armour of the Other Side {Dex+5}
rPois   .            L - +2 helmet {SInv}
rElec   .            P - +2 cloak
rCorr   +            E - +2 pair of gloves
SInv    +            l - +2 pair of boots
Will    +....        U - amulet "Egesiepn" {Reflect +Inv Regen+ rCorr Int+5 SH+5}
Stlth   +++          r - ring "Rex Zial" {Wiz Fly rN++ Str-4 Dex+3}
HPRegen 1.23/turn    m - ring "Ikeumoara" {AC+4 Dex+3 SInv}
MPRegen 0.16/turn

%: reflection, wizardry (x1)
@: engulfed (cannot breathe), flying, studying 2 skills
A: high MP 1, forlorn, divine attributes
a: Evoke Invisibility


You were on level 3 of the Shoals.
You visited 5 branches of the dungeon, and saw 26 of its levels.
You visited 1 bazaar.
You also visited: Bailey and Gauntlet.

You collected 2960 gold pieces.
You spent 2415 gold pieces at shops.

Inventory:

Hand Weapons
 a - the +12 pair of quick blades "Gyre" and "Gimble" (weapon) {protect}
   (You found it on level 9 of the Dungeon)
 b - the +5 shortbow of the Moon {drain, rN+}
   (You found it on level 2 of the Lair of Beasts)

   rN:        It protects you from negative energy.
Missiles
 H - 2 throwing nets
Armour
 k - the +1 leather armour of the Other Side (worn) {Dex+5}
   (You found it on level 3 of the Dungeon)

   Dex:       It affects your dexterity (+5).
 l - a +2 pair of boots (worn)
 t - a +2 leather armour of poison resistance
 y - the +0 helmet "Juohihu" {rElec Str+2}
   (You found it in a Gauntlet)

   Str:       It affects your strength (+2).
   rElec:     It insulates you from electricity.
 E - a +2 pair of gloves (worn)
 L - a +2 helmet of see invisible (worn)
 N - a +1 hat of willpower
 P - a +2 cloak (worn)
Jewellery
 m - the ring "Ikeumoara" (right hand) {AC+4 Dex+3 SInv}
   (You bought it in a shop on level 8 of the Dungeon)

   [ring of protection]

   AC:        It affects your AC (+4).
   Dex:       It affects your dexterity (+3).
   SInv:      It lets you see invisible.
 r - the ring "Rex Zial" (left hand) {Wiz Fly rN++ Str-4 Dex+3}
   (You took it off a minotaur in a Gauntlet)

   [ring of wizardry]

   It improves your spell success rate.
   Str:       It affects your strength (-4).
   Dex:       It affects your dexterity (+3).
   rN:        It greatly protects you from negative energy.
   Fly:       It grants you flight.
 B - the ring of the Hare {EV+10}
   (You found it in a Gauntlet)

   [ring of evasion]

   EV:        It affects your evasion (+10).
 M - the ring "Napefav" {rN+ rCorr}
   (You found it in a Gauntlet)

   [ring of positive energy]

   rN:        It protects you from negative energy.
   rCorr:     It protects you from acid and corrosion.
 S - a ring of poison resistance
 U - the amulet "Egesiepn" (around neck) {Reflect +Inv Regen+ rCorr Int+5 SH+5}
   (You bought it in a shop on level 2 of the Dungeon)

   [amulet of reflection]

   It reflects blocked missile attacks.
   Int:       It affects your intelligence (+5).
   +Inv:      It lets you turn invisible.
   Regen:     It increases your rate of health regeneration.
   rCorr:     It protects you from acid and corrosion.
   SH:        It affects your SH (+5).
Wands
 o - a wand of paralysis (24)
 p - a wand of flame (44)
 w - a wand of roots (17)
 D - a wand of polymorph (9)
 I - a wand of quicksilver (2)
 O - a wand of digging (4)
Scrolls
 c - 6 scrolls of fear
 d - 2 scrolls of fog
 h - a scroll of poison
 n - a scroll of enchant weapon
 u - 5 scrolls of identify
 x - 4 scrolls of teleportation
 R - a scroll of blinking
 T - a scroll of enchant armour
Potions
 f - a potion of resistance
 i - 6 potions of lignification
 q - 8 potions of heal wounds
 s - 6 potions of attraction
 v - 6 potions of mutation
 z - 15 potions of curing
 A - 3 potions of might
 F - 4 potions of brilliance
 G - 5 potions of haste
 J - 5 potions of ambrosia
 K - a potion of flight
 V - a potion of invisibility
Miscellaneous
 e - a condenser vane
 g - a lightning rod (4/4)
 C - a phantom mirror


   Skills:
 + Level 14.5 Fighting
 + Level 14.5 Short Blades
 - Level 12.0 Ranged Weapons
 - Level 3.0 Armour
 + Level 14.6 Dodging
 - Level 1.0 Stealth


You had 14 spell levels left.
You didn't know any spells.
Your spell library contained the following spells:

 Spells                   Type           Power      Damage    Failure   Level
 Apportation              Tloc           0%         N/A       14%         1
 Beastly Appendage        Tmut           0%         N/A       14%         1
 Magic Dart               Conj           0%         1d3       14%         1
 Blink                    Tloc           0%         N/A       21%         2
 Call Imp                 Summ           0%         N/A       21%         2
 Lesser Beckoning         Tloc           0%         N/A       21%         2
 Scorch                   Fire           0%         2d5       21%         2
 Wereblood                Tmut           0%         N/A       21%         2
 Call Canine Familiar     Summ           0%         N/A       38%         3
 Gell's Gravitas          Tloc           0%         N/A       38%         3
 Mephitic Cloud           Conj/Pois/Air  0%         N/A       38%         3
 Portal Projectile        Hex/Tloc       0%         N/A       38%         3
 Spider Form              Tmut/Pois      0%         N/A       38%         3
 Teleport Other           Tloc           0%         N/A       38%         3
 Flame Wave               Conj/Fire      0%         2d4       77%         4
 Leda's Liquefaction      Hex/Erth       0%         N/A       77%         4
 Manifold Assault         Tloc           0%         N/A       77%         4
 Alistair's Intoxication  Tmut/Pois      0%         N/A       98%         5
 Summon Cactus Giant      Summ           0%         N/A       100%        6
 Storm Form               Tmut/Air       0%         N/A       100%        7


Dungeon Overview and Level Annotations

Branches:
Dungeon (15/15)            Temple (1/1) D:5            Lair (5/5) D:8
 Shoals (3/4) Lair:3        Snake (0/4) Lair:2        Slime (0/5) Lair:5
    Orc (2/2) D:12            Elf (0/3) Orc:2        Vaults (0/5) D:13
 Depths (0/4) D:15         Bailey (visited)         Gauntlet (visited)

Shops:
D:2 =   D:8 =**(   D:11 (   Orc:2 ![=!

Portals:
Trove: D:13 (give 2 scrolls of acquirement)

Annotations:
D:15 3 runed translucent doors, Qishud's ghost, adept GrEE


Innate Abilities, Weirdness & Mutations

You have an increased reservoir of magic. (+10% MP)
You shall have no god before yourself.
Your divine heritage dramatically boosts your attributes as you level up.


Message History

Unknown command.
Unknown command.
Unknown command.
Unknown command.
Unknown command.
Unknown command.
Unknown command.
Unknown command.
Unknown command.
Unknown command.
Unknown command.
Unknown command.
Unknown command.
Unknown command.
Unknown command.
Unknown command.
Unknown command.
Unknown command.
Unknown command.
Unknown command.
Unknown command.
Unknown command.
Unknown command.
Unknown command.
Unknown command.
Unknown command.
Unknown command.
Unknown command.
Unknown command.
Unknown command.
Unknown command.
Unknown command.
Unknown command.
Unknown command.
Unknown command.
Unknown command.
Unknown command.
Unknown command.
Unknown command.
You die...

≈≈≈≈≈≈≈≈≈~~~~≈≈≈≈≈≈≈≈≈≈≈≈≈
≈≈≈≈≈≈~~~~~~~~~≈≈≈≈≈≈≈≈≈≈≈
≈≈≈≈≈~~~~~~~~~~~~≈≈≈~≈≈≈≈≈
≈≈≈~~~~~~~~~~~~~~~~~~~≈≈≈≈
≈~~~~~~~~..~)~~~~~~~.~~≈≈≈
~~~~~~~~~.#.~~~.~~~~~~~≈≈≈
~~~~~~...§..)...~.~P~~≈≈~~
~$.#.m§E...#...~~~~≈~~~
###@E....>..~~~~~~~.
##§)~~~.?~~~P~~P~~.
#HYY~~~~~~~P~PP.~P~
≈≈≈~.~~~~~~~~~~~P~.....PP
~~~~~~~~~~~~~~~~.........
~~~~~~~≈~~~~.m~~...#.PP..
~~~~~~≈≈≈≈≈~~~~~...##..PP
≈≈~~~~≈≈≈≈≈~~~~~<........
≈≈≈≈≈≈≈≈≈≈≈~~~~~.[....P..


You could see a death yak, a catoblepas, a merfolk aquamancer, a merfolk, a
manticore and 2 water elementals.

Vanquished Creatures
  Rupert (Lair:5)
  Gastronok (Lair:1)
  Polyphemus (Shoals:3)
  A frost giant (D:15)
  Azrael (Orc:2)
  Nessos (Orc:2)
  A minotaur (Gauntlet)
  2 dire elephants (Lair:5)
  Snorg (Lair:5)
  5 merfolk impalers
  Josephine (D:14)
  An entropy weaver (Gauntlet)
  4 vault guards (D:13)
  Harold (D:11)
  6 hydras
  A centaur warrior (D:14)
  A catoblepas (D:14)
  2 merfolk avatars
  A merfolk aquamancer (Shoals:1)
  5 two-headed ogres
  4 boulder beetles
  4 tengu warriors
  2 death yaks (Shoals:3)
  8 orc high priests (Orc:2)
  Lodul (D:11)
  8 skysharks
  5 skeletal warriors (D:15)
  3 sea snakes
  An obsidian statue (Gauntlet)
  8 deep elf pyromancers
  6 orc knights
  12 ugly things
  An oklob plant (Lair:3)
  9 cyclopes
  6 manticores
  A faun (Shoals:1)
  5 merfolk sirens
  6 elephants (Lair:5)
  4 black mambas
  4 gargoyles
  A water nymph (Shoals:2)
  16 cane toads
  2 unseen horrors
  8 rime drakes
  A kobold demonologist (D:14)
  9 komodo dragons
  A freezing wraith (D:15)
  3 meliai (D:12)
  A queen bee (D:12)
  An ice devil (Gauntlet)
  11 trolls
  2 polar bears
  4 wind drakes
  11 merfolk
  2 hornets (Lair:5)
  18 blink frogs
  19 dream sheep
  5 snapping turtles
  2 shadows
  4 water elementals
  A jumping spider (Gauntlet)
  6 wraiths
  41 yaks
  A spriggan (D:9)
  A wyvern (Lair:5)
  2 steam dragons
  3 fire elementals (Orc:2)
  A redback (Gauntlet)
  16 vampire mosquitoes
  6 basilisks
  2 nagas (Lair:2)
  6 wargs
  An acid dragon (D:12)
  4 hell hounds (Orc:2)
  16 water moccasins
  3 black bears
  An ice beast (D:7)
  15 orc warriors
  A sky beast (D:8)
  11 ogres
  24 wolves
  5 centaurs
  3 phantoms
  Blork the orc (D:5)
  12 bullfrogs
  9 kobold brigands
  A gnoll sergeant (D:8)
  A scorpion (D:5)
  4 wights (D:8)
  45 killer bees
  7 howler monkeys
  5 hounds
  33 orc priests
  2 gnoll boudas
  3 jellies (Lair:5)
  Jessica (D:3)
  2 sleepcaps (D:5)
  Ijyb (D:3)
  4 iguanas
  17 orc wizards
  8 ogre zombies (D:12)
  6 adders
  15 gnolls
  2 white imps (Gauntlet)
  2 ufetubi
  A worm (D:4)
  2 dart slugs
  62 orcs
  6 ball pythons
  4 bats
  7 endoplasms
  4 giant cockroaches
  5 goblins
  8 hobgoblins
  4 jackals (D:2)
  6 quokkas
  2 frilled lizards
  A goblin skeleton (D:12)
  4 goblin zombies (D:12)
  A hobgoblin skeleton (D:12)
  2 hobgoblin zombies (D:12)
  31 kobolds
  4 orc skeletons (D:12)
  13 orc zombies (D:12)
  4 rats
779 creatures vanquished.

Vanquished Creatures (others)
  An acid dragon (D:13)
  A kobold brigand (Bailey)
  2 orcs (Orc:2)
  A kobold (D:7)
5 creatures vanquished.

Grand Total: 784 creatures vanquished

Notes
Turn   | Place    | Note
-------+----------+-------------------------------------------
     0 | D:1      | Gabide the Demigod Hunter began the quest for the Orb.
     0 | D:1      | Reached XP level 1. HP: 17/17 MP: 3/3
    48 | D:1      | Reached skill level 1 in Stealth
   259 | D:1      | Reached XP level 2. HP: 22/24 MP: 4/4
   827 | D:2      | Found Meth's Jewellery Shop.
  1211 | D:2      | Reached XP level 3. HP: 29/29 MP: 5/5
  1260 | D:2      | Identified the +0 war axe "Jeuditri" {flame, rPois Will+
                  | Str+2}
  1540 | D:3      | Identified the +1 leather armour of the Other Side {Dex+5}
  1708 | D:3      | Noticed Ijyb
  1950 | D:3      | Reached XP level 4. HP: 37/37 MP: 6/6
  1973 | D:3      | Noticed Jessica
  1974 | D:3      | Killed Jessica
  2452 | D:4      | Noticed a black bear
  2457 | D:4      | Killed a black bear
  2458 | D:4      | Reached skill level 5 in Ranged Weapons
  2458 | D:4      | Reached XP level 5. HP: 45/45 MP: 7/7
  2929 | D:4      | Noticed a black bear
  2939 | D:4      | Killed a black bear
  2940 | D:4      | Reached skill level 1 in Armour
  2940 | D:4      | Reached XP level 6. HP: 39/51 MP: 8/8
  3151 | D:5      | Entered Level 5 of the Dungeon
  3335 | D:5      | Reached XP level 7. HP: 28/57 MP: 9/9
  3450 | D:5      | Noticed Blork the orc
  3458 | D:5      | Killed Blork the orc
  3564 | D:5      | Found a staircase to the Ecumenical Temple.
  3576 | Temple   | Entered the Ecumenical Temple
  4134 | D:3      | Killed Ijyb
  4620 | D:6      | Noticed a steam dragon
  4630 | D:6      | Killed a steam dragon
  4631 | D:6      | Reached XP level 8. HP: 60/66 MP: 10/10
  5431 | D:7      | Reached skill level 5 in Fighting
  5431 | D:7      | Reached skill level 5 in Dodging
  5712 | D:7      | Found a flagged portal.
  5720 | Bailey   | Entered a bailey
  5787 | Bailey   | Reached XP level 9. HP: 59/74 MP: 11/11
  5903 | Bailey   | Noticed an orc knight
  5903 | Bailey   | Noticed an orc knight
  5935 | Bailey   | Killed an orc knight
  5937 | Bailey   | Killed an orc knight
  5938 | Bailey   | Reached skill level 10 in Ranged Weapons
  7022 | D:8      | Found a staircase to the Lair.
  7040 | D:8      | Found Enwiwnua's Assorted Antiques.
  7045 | D:8      | Found Zoylyuto's General Store.
  7052 | D:8      | Bought a scroll of teleportation for 78 gold pieces
  7052 | D:8      | Bought a potion of curing for 78 gold pieces
  7052 | D:8      | Bought a potion of curing for 78 gold pieces
  7052 | D:8      | Bought a tubular silver ring for 130 gold pieces
  7052 | D:8      | Bought a cyan potion for 23 gold pieces
  7052 | D:8      | Bought a fizzy pink potion for 23 gold pieces
  7057 | D:8      | Bought a scroll of identify for 26 gold pieces
  7131 | D:8      | Found Buevvox's Jewellery Shoppe.
  7287 | D:8      | Found Fehoadd's Weapon Shoppe.
  7603 | D:9      | Reached XP level 10. HP: 84/84 MP: 13/13
  8242 | D:9      | Noticed a two-headed ogre
  8242 | D:9      | Noticed a two-headed ogre
  8251 | D:9      | Killed a two-headed ogre
  8462 | D:8      | Killed a two-headed ogre
  8793 | D:9      | Found the +12 pair of quick blades "Gyre" and "Gimble"
                  | {protect}
  8987 | D:10     | Entered Level 10 of the Dungeon
  9039 | D:10     | Noticed a two-headed ogre
  9048 | D:10     | Killed a two-headed ogre
  9144 | D:10     | Reached XP level 11. HP: 56/94 MP: 14/14
  9380 | D:10     | Noticed a two-headed ogre
  9392 | D:10     | Killed a two-headed ogre
  9564 | D:10     | Noticed a deep elf pyromancer
  9569 | D:10     | Killed a deep elf pyromancer
  9816 | D:10     | Reached skill level 1 in Short Blades
 10501 | D:11     | Found Qoul's Weapon Shop.
 10521 | D:11     | Noticed Lodul
 10536 | D:11     | Killed Lodul
 10537 | D:11     | Reached skill level 5 in Short Blades
 10710 | D:11     | Noticed Harold
 10727 | D:11     | Killed Harold
 11285 | D:12     | Reached XP level 12. HP: 90/104 MP: 15/15
 11376 | D:12     | Identified the +9 hand axe of Zeivyolu {freeze, Drain
                  | Str+4}
 11756 | D:12     | Found a staircase to the Orcish Mines.
 12069 | D:12     | Noticed a boulder beetle
 12088 | D:12     | Killed a boulder beetle
 12612 | D:8      | Bought the ring "Ikeumoara" {AC+4 Dex+3 SInv} for 802 gold
                  | pieces
 12675 | Lair:1   | Entered Level 1 of the Lair of Beasts
 12743 | Lair:1   | Reached skill level 10 in Fighting
 12743 | Lair:1   | Reached skill level 10 in Short Blades
 12743 | Lair:1   | Reached skill level 10 in Dodging
 12800 | Lair:1   | Found a gate leading to a gauntlet.
 12805 | Gauntlet | Entered a Gauntlet
 12805 | Gauntlet | Found a transporter.
 12805 | Gauntlet | Found a transporter.
 12805 | Gauntlet | Found a runed translucent door.
 12805 | Gauntlet | Found a runed translucent door.
 12811 | Gauntlet | Found a transporter.
 12823 | Gauntlet | Found a transporter.
 12839 | Gauntlet | Found a transporter.
 12840 | Gauntlet | Found a transporter.
 12840 | Gauntlet | Found a transporter.
 12842 | Gauntlet | Found a transporter.
 12842 | Gauntlet | Found a transporter.
 12854 | Gauntlet | Found a transporter.
 12870 | Gauntlet | Found a transporter.
 12873 | Gauntlet | Noticed a great orb of eyes
 12879 | Gauntlet | Noticed an entropy weaver
 12880 | Gauntlet | Found a transporter.
 12894 | Gauntlet | Found a transporter.
 12908 | Gauntlet | Found the ring of the Hare {EV+10}
 12913 | Gauntlet | Found a transporter.
 12975 | Gauntlet | Identified the +0 helmet "Juohihu" {rElec Str+2}
 13066 | Gauntlet | Killed an entropy weaver
 13083 | Gauntlet | Identified the +6 falchion of the Ornamental God {heavy,
                  | *Slow rN+ Will+ rCorr}
 13118 | Gauntlet | Identified the ring "Rex Zial" {Wiz Fly rN++ Str-4 Dex+3}
 13118 | Gauntlet | Noticed a minotaur
 13144 | Gauntlet | Killed a minotaur
 13148 | Gauntlet | Identified the ring "Napefav" {rN+ rCorr}
 13178 | Lair:1   | Noticed Gastronok
 13192 | Lair:1   | Killed Gastronok
 13193 | Lair:1   | Reached XP level 13. HP: 56/114 MP: 16/16
 13978 | Lair:2   | Identified the +5 shortbow of the Moon {drain, rN+}
 14165 | Lair:2   | Found a staircase to the Snake Pit.
 14822 | Lair:3   | Found a staircase to the Shoals.
 16695 | Lair:5   | Entered Level 5 of the Lair of Beasts
 16695 | Lair:5   | Found a staircase to the Slime Pits.
 16781 | Lair:5   | Reached XP level 14. HP: 105/125 MP: 17/17
 16905 | Lair:5   | Identified the +7 rapier of Defence {freeze, rC+ Int-4
                  | Dex+6 Stlth+}
 17000 | Lair:5   | Noticed Snorg
 17011 | Lair:5   | Killed Snorg
 17087 | Lair:5   | Noticed Rupert
 17101 | Lair:5   | Killed Rupert
 18178 | D:13     | Found a portal to a secret trove of treasure.
 18283 | D:13     | Found a gate to the Vaults.
 18922 | D:14     | Noticed Josephine
 18934 | D:14     | Killed Josephine
 19568 | D:15     | Entered Level 15 of the Dungeon
 19807 | D:15     | Reached XP level 15. HP: 124/136 MP: 18/18
 19892 | D:15     | Found a runed translucent gate.
 19892 | D:15     | Found a runed translucent gate.
 19893 | D:15     | Found a runed translucent gate.
 19895 | D:15     | Noticed Qishud's ghost (adept GrEE)
 19953 | D:15     | Found a staircase to the Depths.
 20399 | D:2      | Bought the amulet "Egesiepn" {Reflect +Inv Regen+ rCorr
                  | Int+5 SH+5} for 841 gold pieces
 20539 | Orc:1    | Entered Level 1 of the Orcish Mines
 20784 | Orc:2    | Entered Level 2 of the Orcish Mines
 20893 | Orc:2    | Found Zitwok's Distillery.
 20893 | Orc:2    | Found Qel Ipah's Armour Shoppe.
 20920 | Orc:2    | Noticed Nessos
 20930 | Orc:2    | Killed Nessos
 20983 | Orc:2    | Noticed Azrael
 21019 | Orc:2    | Killed Azrael
 21036 | Orc:2    | Found a staircase to the Elven Halls.
 21075 | Orc:2    | Found a flickering gateway to a bazaar.
 21084 | Bazaar   | Entered a bazaar
 21086 | Bazaar   | Found Tennej's Antique Weapon Boutique.
 21090 | Bazaar   | Found Zytath's Antique Weapon Boutique.
 21090 | Bazaar   | Found Fiaghid's Antique Weapon Boutique.
 21091 | Bazaar   | Found Voresk's Jewellery Boutique.
 21248 | Orc:2    | Bought a potion of heal wounds for 70 gold pieces
 21248 | Orc:2    | Bought a potion of haste for 140 gold pieces
 21372 | Orc:2    | Found Qatosagu's Jewellery Shop.
 21405 | Orc:2    | Found Kiak's Distillery.
 21422 | Orc:2    | Bought 2 potions of curing for 84 gold pieces
 21422 | Orc:2    | Bought a potion of curing for 42 gold pieces
 21994 | Shoals:1 | Entered Level 1 of the Shoals
 23604 | Shoals:3 | Noticed Polyphemus
 23651 | Shoals:3 | Killed Polyphemus
 23668 | Shoals:3 | HP: 5/139 [merfolk/+0 trident[a merfolk aquamancer] (6)]
 23669 | Shoals:3 | Drowned by a water elemental

Illustrated notes

Levels and vault maps discovered:
D:1:      dpeg_arrival_tiny_e, layout_loops_ring
D:2:      layout_loops_cross, serial_shops, shop
D:3:      layout_rooms, shapermc_ecumenical_altar_mp_vishouse, uniq_jessica,
          uniq_ijyb
D:4:      black_bear_nest_1, layout_loops_cross, jmf_multi_god_temple,
          minivault_11
D:5:      layout_rooms, minmay_temple_entry_mist, serial_glass, glass_columns_b,
          glass_columns_a, minivault_25, uniq_blork_the_orc
D:6:      layout_cave_pools
D:7:      layout_loops_ring, minmay_overflow_temple_star_quad,
          nicolae_gozag_seed_capital, enter_bailey_2
D:8:      layout_loops_cross, dpeg_oklobed_lair, serial_shops,
          nicolae_lakefront_shop, shop, shop, shop
D:9:      layout_loops_corners, hellmonk_guarded_unrand_gyre_and_gimble
D:10:     layout_irregular_city, minmay_chambers_of_fives
D:11:     layout_basic, serial_shops, shop, uniq_harold, uniq_lodul
D:12:     layout_roguey [special_room_bee], zombieorc2_lemuel
D:13:     layout_cave_pools, lightli_vaults_fourway_checkpoint,
          nicolae_trove_entry_columns, due_unseen_surprise
D:14:     layout_basic, nicolae_figureground_pulse, uniq_josephine
D:15:     grunt_enter_depths_snipers, layout_rooms,
          gammafunk_ghost_tricky_traps, bloody_trog
Temple:   minmay_temple_bridge_d
Lair:1:   layout_chaotic_city, gauntlet_entry_generic, minivault_26,
          uniq_gastronok
Lair:2:   layout_misc_corridors, guppyfry_snake_entry_garden
Lair:3:   layout_roguey, elwin_shoals_entry_stream, basic_altar, tgw_fedhas
Lair:4:   layout_regular_city, grunt_megastairs_4
Lair:5:   gammafunk_lair_ancient_temple, layout_hall_layers,
          nicolae_slime_entry_field_trip, st_stairs_3, serial_bayou_shore_a,
          uniq_rupert, uniq_snorg
Shoals:1: layout_shoals
Shoals:2: layout_shoals, nicolae_shoals_lost_giant_baths
Shoals:3: layout_shoals, uniq_polyphemus, uniq_bai_suzhen
Orc:1:    layout_caves
Orc:2:    st_orc_town, layout_caves, serial_shops, bzr_entry_dummy, uniq_nessos,
          uniq_azrael

Skill      XL: |  1  2  3  4  5  6  7  8  9 10 11 12 13 14 15 |
---------------+----------------------------------------------+-----
Stealth        | 1 |  1.0
Fighting       | 2 3 4 5 6 8 9 10 11 13 14 | 14.5
Dodging        | 2 3 4 5 6 8 9 10 11 13 14 | 14.6
Ranged Weapons | 4 5 6 7 8 10 12 | 12.0
Armour         | 1 3 |  3.0
Short Blades   | 8 10 11 13 14 | 14.5

Action                     |  1- 3 |  4- 6 |  7- 9 | 10-12 | 13-15 || total
---------------------------+-------+-------+-------+-------+-------++-------
  Melee: Pair of quick bla |       |       |       |   250 |  1391 ||  1641
   Fire: Shortbow          |   131 |   146 |   367 |   436 |       ||  1080
  Evoke: Wand              |       |       |     6 |     4 |       ||    10
         Lightning rod     |       |       |       |     4 |       ||     4
    Use: Scroll            |     9 |     1 |    13 |     5 |     9 ||    37
         Potion            |     2 |       |     5 |     1 |       ||     8
   Stab: Sleeping          |       |       |       |     5 |    18 ||    23
         Distracted        |       |       |       |     2 |     8 ||    10
         Petrified         |       |       |       |       |     2 ||     2
 Armour: Leather armour    |    20 |    21 |    22 |    72 |   119 ||   254
         Skin              |       |       |    25 |       |       ||    25
  Dodge: Dodged            |    55 |    42 |   158 |   380 |   620 ||  1255
  Block: Other             |       |       |       |       |    46 ||    46
         Reflection        |       |       |       |       |     1 ||     1
